 Dungeon Crawl Stone Soup version 0.29.0-4-gdea44cf6ec (webtiles) character file.

Game seed: 9807730677228990085

42 qw the Chopper (level 3, -3/21 HPs)
             Began as a Tengu Warper on Aug 29, 2022.
             Slain by a gnoll
             ... wielding a +0 spear
              (4 damage)
             ... on level 2 of the Dungeon.
             The game lasted 00:00:04 (1044 turns).

qw the Chopper (Tengu Warper)                       Turns: 1044, Time: 00:00:05

Health: -3/21      AC:  5    Str: 19    XL:     3   Next: 54%
Magic:  7/7        EV: 11    Int: 13    God:
Gold:   83         SH:  0    Dex: 13    Spells: 6/6 levels left

rFire   . . .      SeeInvis +   Y - +0 hand axe
rCold   . . .      Faith    .   (no shield)
rNeg    + . .      Spirit   .   f - +0 ring mail
rPois   .          Reflect  .   (helmet restricted)
rElec   .          Harm     .   (no cloak)
rCorr   .          Rampage  .   (no gloves)
Will    .....                   (boots unavailable)
Stlth   +.........              (no amulet)
HPRegen 0.07/turn               a - ring "Xanwoco" {rN+ Str+6 SInv}
MPRegen 0.10/turn               (no ring)

@: weak-willed
A: beak, talons 3
a: no special abilities


You were on level 2 of the Dungeon.
You visited 1 branch of the dungeon, and saw 2 of its levels.

You collected 83 gold pieces.


Innate Abilities, Weirdness & Mutations

You have a beak for a mouth.
You have claws for feet.


   Skills:
 - Level 2.0 Fighting
 + Level 4.2 Axes
 - Level 1.0 Throwing
 - Level 1.1 Armour
 - Level 2.1 Dodging
 - Level 2.0 Spellcasting
 - Level 2.4 Translocations


You had 6 spell levels left.
You didn't know any spells.
Your spell library contained the following spells:

 Spells                   Type           Power      Damage    Failure   Level
 Blink                    Tloc           14%        N/A       26%         2
 Gell's Gravitas          Tloc           7%         N/A       45%         3
 Lesser Beckoning         Tloc           7%         N/A       45%         3
 Teleport Other           Tloc           7%         N/A       45%         3
 Manifold Assault         Tloc           7%         N/A       99%         5

Inventory:

Hand Weapons
 l - a +0 club
 Y - a +0 hand axe (weapon)
Missiles
 n - 2 javelins (quivered)
Armour
 f - a +0 ring mail (worn)
Jewellery
 a - the ring "Xanwoco" (left hand) {rN+ Str+6 SInv}
   (You acquired it on level 1 of the Dungeon)

   [ring of strength]

   Str:       It affects your strength (+6).
   rN:        It protects you from negative energy.
   SInv:      It lets you see invisible.
Scrolls
 e - a scroll of identify
Potions
 g - a potion of lignification {unknown}
 i - a potion of degeneration {unknown}

Dungeon Overview and Level Annotations

Branches:
Dungeon (2/15)

Altars:


Message History

You climb downwards.
The gnoll shouts! x2
There is a stone staircase leading up here.
There are monsters nearby!
Existing waypoints: (2) D:1 Assign waypoint to what number? (0-9, D - delete waypoint) Waypoint 1 assigned to D:2.
A gnoll comes into view. It is wielding a +0 spear.
You slash the rat!
You kill the rat!
The gnoll hits you with a +0 spear.
You hit the gnoll. You claw the gnoll.
You kill the gnoll!
You have reached level 3!
Your experience leads to an increase in your attributes!
Your base attributes are Str 11, Int 13, Dex 13.
Increase (S)trength, (I)ntelligence, or (D)exterity?
You feel stronger. x2
You slash the gnoll! Your peck misses the gnoll.
The gnoll is severely wounded.
The gnoll closely misses you. The gnoll hits you with a +0 flail.
You hit the gnoll.
You kill the gnoll!
You completely miss the goblin. The gnoll barely misses you.
The goblin hits you with a +0 club.
Your Axes skill increases to level 4!
You closely miss the goblin. You claw the goblin.
You kill the goblin!
The gnoll closely misses you. The gnoll hits you with a +0 spear!
You see here a +0 flail.
You closely miss the gnoll. You claw the gnoll.
You peck the gnoll, but do no damage.
The gnoll is lightly wounded.
The gnoll hits you with a +0 spear.
You barely miss the gnoll.
The gnoll is lightly wounded.
The gnoll hits you with a +0 spear.
You die...

............
...........
..........
........ #.....#
#.....#
..#####g....####
.......%@)......
..........#....#
#######<#.# ...
#.##.# # #. .#
#. .. ## #. ..
..


You could see a gnoll.

Vanquished Creatures
  2 gnolls (D:2)
  A dart slug (D:1)
  2 giant cockroaches (D:1)
  2 goblins
  4 jackals (D:1)
  A quokka (D:1)
  A ball python (D:1)
  A bat (D:1)
  2 kobolds (D:1)
  5 rats
21 creatures vanquished.

Notes
Turn   | Place    | Note
-------+----------+-------------------------------------------
     0 | D:1      | qw the Tengu Warper began the quest for the Orb.
     0 | D:1      | Reached XP level 1. HP: 12/12 MP: 4/4
     0 | D:1      | 0 ||| qw: Version: 0.1-a-89-g26bdef1
     0 | D:1      | 0 ||| qw: Game counter: 3510
     0 | D:1      | 0 ||| qw: Always use a shield: true
     0 | D:1      | 0 ||| qw: God list: Okawaru
     0 | D:1      | 0 ||| qw: Allow faded altars: false
     0 | D:1      | 0 ||| qw: Do Orc after D:15 true
     0 | D:1      | 0 ||| qw: Do second Lair branch before Depths: true
     0 | D:1      | 0 ||| qw: Lair rune preference: random
     0 | D:1      | 0 ||| qw: Plans: Normal
     0 | D:1      | 0 ||| PLANNING D:1-11
    10 | D:1      | 10 ||| Stepping ~*~*~tactically~*~*~ (stealth).
    12 | D:1      | 12 ||| Stepping ~*~*~tactically~*~*~ (stealth).
   105 | D:1      | Reached XP level 2. HP: 11/17 MP: 6/6
   249 | D:1      | Reached skill level 3 in Axes
   500 | D:1      | Found a faded altar of an unknown god.
   890 | D:1      | 890 ||| Stepping ~*~*~tactically~*~*~ (hiding).
  1011 | D:1      | 1011 ||| UPGRADING to +0 ring mail.
  1021 | D:1      | 1021 ||| DROPPING +0 leather armour.
  1022 | D:1      | 1022 ||| DROPPING ring of magical power.
  1023 | D:1      | 1023 ||| READING scroll labelled CUJEAR ATAFRO.
  1023 | D:1      | Identified a scroll of acquirement
  1023 | D:1      | 1023 ||| ACQUIRING ring "Xanwoco" {rN+ Str+6 SInv}
  1023 | D:1      | Acquired the ring "Xanwoco" {rN+ Str+6 SInv}
  1025 | D:1      | 1025 ||| UPGRADING to ring "Xanwoco" {rN+ Str+6 SInv}.
  1026 | D:1      | 1026 ||| READING 2 scrolls labelled YVYUT BOALL.
  1027 | D:1      | 1027 ||| READING scroll labelled MOJUMER FIVA.
  1028 | D:1      | 1028 ||| READING 2 scrolls labelled REOVIAWIPP.
  1029 | D:1      | 1029 ||| READING scroll labelled PUISIH RISUANA.
  1030 | D:1      | 1030 ||| DROPPING scroll of blinking.
  1031 | D:1      | 1031 ||| DROPPING scroll of vulnerability.
  1039 | D:2      | Reached XP level 3. HP: 20/21 MP: 7/7
  1041 | D:2      | Reached skill level 4 in Axes
  1042 | D:2      | HP: 5/21 [gnoll/+0 spear (7)]
  1043 | D:2      | HP: 1/21 [gnoll/+0 spear (5)]
  1044 | D:2      | Slain by a gnoll

Levels and vault maps discovered:
D:1:      amcnicky_arrival_choice, layout_loops_cross,
          dreamdust_ecumenical_altar_sealed_demon
D:2:      layout_basic

Skill      XL: |  1  2  3 |
---------------+----------+-----
Axes           | 3 4 |  4.2
Fighting       | |  2.0
Throwing       | |  1.0
Armour         | |  1.1
Dodging        | |  2.1
Spellcasting   | |  2.0
Translocations | |  2.4

Action                   || total
-------------------------++-------
Melee: Hand axe          ||    43
       Kick              ||    14
       Peck              ||     8
Throw: Boomerang         ||     7
       Javelin           ||     2
  Use: Scroll            ||     5
Armor: Leather armour    ||     3
Dodge: Dodged            ||    23

Table legend:
 A = Non-vault XP
 B = Vault XP
 C = Vault XP percentage of total XP
 D = Non-vault monster count
 E = Vault monster count
 F = Vault count percentage of total count
                 A         B        C        D         E       F
            +---------+---------+-------+---------+---------+-------
      Total |      60 |       0 |   0.0 |      21 |       0 |   0.0
            +---------+---------+-------+---------+---------+-------
        D:1 |      29 |       0 |   0.0 |      17 |       0 |   0.0
        D:2 |      31 |       0 |   0.0 |       4 |       0 |   0.0
            +---------+---------+-------+---------+---------+-------
